 Dungeon Crawl Stone Soup version 0.29-a0-668-g12ee2bf84d (webtiles) character file.

Game seed: 1466663825812918129

83 DocClef the Shield-Bearer (level 4, -1/41 HPs)
             Began as a Gnoll Fighter on June 23, 2022.
             Killed from afar by a steam dragon (19 damage)
             ... with a ball of steam
             ... on level 3 of the Dungeon.
             The game lasted 00:02:08 (1651 turns).

DocClef the Shield-Bearer (Gnoll Fighter)           Turns: 1651, Time: 00:02:09

Health: -1/41      AC: 14    Str: 18    XL:     4   Next: 44%
Magic:  5/5        EV:  5    Int:  7    God:
Gold:   145        SH:  5    Dex: 11    Spells: 5/5 levels left

rFire   . . .      SeeInvis .   a - +0 flail
rCold   . . .      Faith    .   c - +0 buckler
rNeg    . . .      Spirit   .   n - +0 plate armour
rPois   .          Reflect  .   (no helmet)
rElec   .          Harm     .   (no cloak)
rCorr   .          Rampage  .   g - +0 pair of gloves
Will    .....                   (no boots)
Stlth   ..........              (no amulet)
HPRegen 0.13/turn               (no ring)
MPRegen 0.09/turn               (no ring)

@: no status effects
A: fangs 1, strong nose, distributed training
a: no special abilities


You were on level 3 of the Dungeon.
You visited 1 branch of the dungeon, and saw 4 of its levels.

You collected 145 gold pieces.

Inventory:

Hand Weapons
 a - a +0 flail (weapon)
Missiles
 e - 10 poisoned darts (quivered)
Armour
 b - a +0 scale mail
 c - a +0 buckler (worn)
 g - a +0 pair of gloves (worn)
 n - a +0 plate armour (worn)
Wands
 l - a wand of flame (21)
Scrolls
 h - 3 scrolls of identify
 j - 2 scrolls of poison {unknown}
 m - a scroll of enchant armour {unknown}
 o - a scroll of torment {unknown}
 p - a scroll of immolation {unknown}
Potions
 d - a potion of might
 f - 4 potions of curing
 i - 3 potions of mutation {unknown}
 k - a potion of ambrosia {unknown}


   Skills:
 + Level 6.6 Fighting
 + Level 1.1 Short Blades
 + Level 1.1 Long Blades
 + Level 1.1 Axes
 + Level 4.6 Maces & Flails
 + Level 1.1 Polearms
 + Level 1.1 Staves
 + Level 1.1 Slings
 + Level 1.1 Bows
 + Level 1.1 Crossbows
 + Level 1.1 Throwing
 + Level 6.6 Armour
 + Level 1.1 Dodging
 + Level 1.1 Stealth
 + Level 6.6 Shields
 + Level 1.1 Unarmed Combat
 + Level 1.1 Spellcasting
 + Level 0.9 Conjurations
 + Level 0.9 Hexes
 + Level 0.9 Summonings
 + Level 0.9 Necromancy
 + Level 0.9 Translocations
 + Level 0.9 Transmutations
 + Level 0.9 Fire Magic
 + Level 0.9 Ice Magic
 + Level 0.9 Air Magic
 + Level 0.9 Earth Magic
 + Level 0.9 Poison Magic
 + Level 1.2 Invocations
 + Level 1.1 Evocations


You had 5 spell levels left.
You didn't know any spells.
Your spell library was empty.

Dungeon Overview and Level Annotations

Branches:
Dungeon (4/15)
 Temple: D:4-7

Altars:


Innate Abilities, Weirdness & Mutations

You have very sharp teeth.
Your uncanny sense of smell can sniff out nearby items.
Your experience applies equally to all skills.


Message History

Aim: a steam dragon (59% to hit)
You throw a poisoned dart.
The poisoned dart hits the steam dragon.
Unknown command.
Throw: 13 darts (poison)
Press: ? - help, Q - select action, (/) - cycle Shift-Dir - straight line, f/p - steam dragon
Aim: a steam dragon (59% to hit)
You throw a poisoned dart.
The poisoned dart barely misses the steam dragon.
Unknown command.
Throw: 12 darts (poison)
Press: ? - help, Q - select action, (/) - cycle Shift-Dir - straight line, f/p - steam dragon
Aim: a steam dragon (59% to hit)
You throw a poisoned dart.
The poisoned dart barely misses the steam dragon.
Unknown command.
Throw: 11 darts (poison)
Press: ? - help, Q - select action, (/) - cycle Shift-Dir - straight line, f/p - steam dragon
Aim: a steam dragon (59% to hit)
You throw a poisoned dart.
The poisoned dart hits the steam dragon.
The steam dragon is poisoned.
You barely miss the steam dragon. Your bite misses the steam dragon.
The steam dragon bites you.
The steam dragon claws you but does no damage.
You hit the steam dragon.
The steam dragon is lightly wounded.
The steam dragon bites you!
The steam dragon claws you but does no damage.
You sock the steam dragon!
The steam dragon is moderately wounded.
You block the steam dragon's attack.
The steam dragon claws you but does no damage.
The steam dragon bites you.
The steam dragon claws you but does no damage.
You closely miss the steam dragon.
The steam dragon is moderately wounded.
The steam dragon breathes steam at you. The ball of steam hits you!!
You die...

##................[..
#.........†.........
##.###.#............
##..##..##...........
#......# #...........
#.#.#### #####.......
#.#'#####... #.....#.
#.##.....# #....o.#
...#@###.# #......#
...#.D.#.#####......#
....###(...#>D.......#
....#....###.........#
##.#...##§.^....##
#.###(#§......##
#.....#§#######
...#####'.# # ####


You could see a steam dragon (poisoned, catching breath).

Vanquished Creatures
  2 adders
  2 worms (D:2)
  3 dart slugs
  4 endoplasms
  2 giant cockroaches (D:3)
  4 goblins
  3 hobgoblins
  5 jackals (D:1)
  6 quokkas
  4 ball pythons
  A frilled lizard (D:1)
  6 kobolds
  6 rats
48 creatures vanquished.

Vanquished Creatures (others)
  An orc (D:3)
1 creature vanquished.

Grand Total: 49 creatures vanquished

Notes
Turn   | Place    | Note
-------+----------+-------------------------------------------
     0 | D:1      | DocClef the Gnoll Fighter began the quest for the Orb.
     0 | D:1      | Reached XP level 1. HP: 23/23 MP: 1/1
   236 | D:1      | Reached XP level 2. HP: 29/29 MP: 2/2
   241 | D:1      | Found a faded altar of an unknown god.
   368 | D:1      | Reached XP level 3. HP: 31/35 MP: 3/3
   770 | D:2      | Reached skill level 1 in Invocations
  1095 | D:3      | Reached skill level 1 in Short Blades
  1095 | D:3      | Reached skill level 1 in Long Blades
  1095 | D:3      | Reached skill level 1 in Axes
  1095 | D:3      | Reached skill level 1 in Polearms
  1095 | D:3      | Reached skill level 1 in Staves
  1095 | D:3      | Reached skill level 1 in Slings
  1095 | D:3      | Reached skill level 1 in Bows
  1095 | D:3      | Reached skill level 1 in Crossbows
  1095 | D:3      | Reached skill level 1 in Throwing
  1095 | D:3      | Reached skill level 1 in Dodging
  1095 | D:3      | Reached skill level 1 in Stealth
  1095 | D:3      | Reached skill level 1 in Unarmed Combat
  1095 | D:3      | Reached skill level 1 in Spellcasting
  1095 | D:3      | Reached skill level 1 in Evocations
  1162 | D:3      | Reached XP level 4. HP: 41/41 MP: 5/5
  1320 | D:3      | Noticed a steam dragon
  1651 | D:3      | Killed from afar by a steam dragon

Illustrated notes

Levels and vault maps discovered:
D:1:      dpeg_arrival_simpleton_a, layout_basic,
          hellmonk_ecumenical_altar_dog_temple
D:2:      layout_rooms
D:3:      layout_rooms, gammafunk_temple_overflow_elements,
          mainiacjoe_overflow_swirl, serial_shops, nicolae_shop_behind_doors,
          minmay_misc_feat_x, minivault_11, feat_on_display
D:4:      minmay_diamond_boxcup, layout_basic

Skill      XL: |  1  2  3 |
---------------+----------+-----
Invocations    | 1 |  1.2
Short Blades   | 1 |  1.1
Long Blades    | 1 |  1.1
Axes           | 1 |  1.1
Polearms       | 1 |  1.1
Staves         | 1 |  1.1
Slings         | 1 |  1.1
Bows           | 1 |  1.1
Crossbows      | 1 |  1.1
Throwing       | 1 |  1.1
Dodging        | 1 |  1.1
Stealth        | 1 |  1.1
Unarmed Combat | 1 |  1.1
Spellcasting   | 1 |  1.1
Evocations     | 1 |  1.1
Fighting       | |  6.6
Maces & Flails | |  4.6
Armour         | |  6.6
Shields        | |  6.6
Conjurations   | |  0.9
Hexes          | |  0.9
Summonings     | |  0.9
Necromancy     | |  0.9
Translocations | |  0.9
Transmutations | |  0.9
Fire Magic     | |  0.9
Ice Magic      | |  0.9
Air Magic      | |  0.9
Earth Magic    | |  0.9
Poison Magic   | |  0.9

Action                   |  1- 3 |  4- 6 || total
-------------------------+-------+-------++-------
Melee: Flail             |   100 |    25 ||   125
       Bite              |     8 |     1 ||     9
Throw: Dart              |       |     4 ||     4
  Use: Scroll            |     1 |       ||     1
Armor: Scale mail        |    43 |     3 ||    46
       Plate armour      |       |    11 ||    11
Dodge: Dodged            |    42 |     8 ||    50
Block: Buckler           |    19 |     9 ||    28

Table legend: (Time is in decaauts)
 A = Elapsed time spent in this place.
 B = Non-inter-level travel time spent in this place.
 C = Inter-level travel time spent in this place.
 D = Time resting spent in this place.
 E = Time spent auto-exploring this place.
 F = Levels seen in this place.
 G = Mean time per level.
                   A        B        C        D        E       F      G
               +--------+--------+--------+--------+--------+-----+--------+
         Total |   1675 |   1613 |     62 |      0 |   1232 |   4 |  418.8 |
       Dungeon |   1675 |   1613 |     62 |      0 |   1232 |   4 |  418.8 |
               +--------+--------+--------+--------+--------+-----+--------+

Top non-repeatable levels by time:
     D:1: 561 daAuts
     D:2: 536 daAuts
     D:3: 301 daAuts
     D:4: 275 daAuts
